 Dungeon Crawl Stone Soup version 0.22-a0-469-gf26638a71f (webtiles) character file.

2427 Anathary the Covert (level 9, -3/61 HPs)
             Began as an Octopode Assassin on June 13, 2018.
             Was a Priest of Dithmenos.
             Slain by an orc warrior
             ... wielding a +0 halberd
              (25 damage)
             ... on level 7 of the Dungeon.
             The game lasted 00:33:29 (7909 turns).

Anathary the Covert (Octopode Assassin)             Turns: 7909, Time: 00:33:29

Health: -3/61      AC:  1    Str: 13    XL:     9   Next: 48%
Magic:  9/9        EV: 13    Int: 13    God:    Dithmenos [***...]
Gold:   229        SH:  0    Dex: 16    Spells: 8/8 levels left

rFire    . . .     SeeInvis .   E - +6 short sword
rCold    . . .     Gourm    .   (no shield)
rNeg     . . .     Faith    .   (helmet restricted)
rPois    .         Spirit   .   u - amulet of harm
rElec    .         Reflect  .   e - +2 ring of strength
rCorr    +         Harm     +   t - ring of resist corrosion
MR       .....                  (no ring)
Stlth    +++++++++.             (no ring)
HPRegen  0.20/turn              (no ring)
MPRegen  0.11/turn              (no ring)
                                (no ring)
                                (no ring)

@: wreathed by umbra
A: almost no armour, stealthy swim, amphibious, 8 rings, constrict 8, camouflage
1, gelatinous body 1
a: Shadow Step, Renounce Religion


You were on level 7 of the Dungeon.
You worshipped Dithmenos.
Dithmenos was most pleased with you.
You were not hungry.

You visited 1 branch of the dungeon, and saw 7 of its levels.

You collected 229 gold pieces.

Inventory:

Hand Weapons
 a - a +2 dagger
 b - a +0 blowgun
 p - a +3 dagger of venom
 E - a +6 short sword (weapon)
Missiles
 c - 35 poisoned needles
 d - 2 curare-tipped needles
Jewellery
 e - a +2 ring of strength (left tentacle)
 t - a ring of resist corrosion (right tentacle)
 u - an amulet of harm (around mantle)
Wands
 A - a wand of disintegration (9)
 B - a wand of iceblast (12)
 C - a wand of clouds (4)
Scrolls
 g - 2 scrolls of remove curse
 h - 3 scrolls of teleportation
 k - 3 scrolls of fear
 n - 7 scrolls of identify
 q - 2 scrolls of vulnerability {unknown}
 s - a scroll of random uselessness
 y - a scroll of enchant weapon
Potions
 i - a potion of cancellation
 j - 2 potions of haste {unknown}
 l - 4 potions of curing {unknown}
 m - a potion of agility {unknown}
 o - 3 potions of might {unknown}
 r - 2 potions of mutation {unknown}
 v - 4 potions of degeneration {unknown}
 w - 2 potions of berserk rage
 z - 2 potions of heal wounds {unknown}
Comestibles
 f - 10 rations
 x - 2 chunks of flesh


   Skills:
 + Level 5.6 Fighting
 + Level 8.4 Short Blades
 - Level 2.0 Throwing
 - Level 1.0 Dodging
 - Level 12.0 Stealth


You had 8 spell levels left.
You didn't know any spells.
Your spell library was empty.

Dungeon Overview and Level Annotations

Branches:
Dungeon (7/15)             Temple (0/1) D:7

Altars:
Dithmenos
Makhleb
Okawaru
Trog
Zin
The Shining One

Shops:
D:4 :


Innate Abilities, Weirdness & Mutations

You cannot wear most types of armour.
You are very stealthy in the water. (Stealth+)
You are amphibious.
You can wear up to eight rings at the same time.
You can use your tentacles to constrict eight enemies at once.
Your skin changes colour to match your surroundings (Stealth+).
Your rubbery body absorbs attacks. (AC +1, EV +1)


Message History

Dithmenos accepts your kill.
The orc shouts!
The orc warrior shouts!
You see here a flail.
The orc warrior misses you. The orc barely misses you.
The orc warrior closely misses you.
You hit the orc warrior. Your grab misses the orc warrior.
You squeeze the orc warrior!
The orc warrior is moderately wounded.
The orc closely misses you.
The orc warrior hits you with a halberd!!
You hit the orc warrior but do no damage.
You grab the orc warrior.
The orc warrior is moderately wounded.
You constrict the orc warrior, but do no damage.
The orc closely misses you.
You hit the orc warrior but do no damage.
The orc warrior is moderately wounded.
You constrict the orc warrior, but do no damage.
The orc warrior hits you with a halberd!!
You die...

#### ##..#
.> #...# # .
#...# ###.
...#
#.#.########
#oo#
..##........
#@.#
.#..........
#..#
.+..........
+.)#
.#......(...
#..#
.###.....###
##..#
###......#
#...#
###......#
#...#
##.......+
#...#
##.......#
#...#


You could see an orc warrior and an orc.

Vanquished Creatures
  Pikel (D:6)
  Grinder (D:3)
  A hippogriff (D:7)
  4 slaves
  A black bear (D:6)
  2 ogres
  A centaur (D:6)
  2 bullfrogs
  A water moccasin zombie (D:7)
  3 killer bees (D:7)
  3 wights (D:6)
  A crimson imp (D:6)
  A bullfrog zombie (D:5)
  A howler monkey (D:6)
  6 orc priests
  A hound (D:5)
  A jelly (D:7)
  A centaur skeleton (D:6)
  2 orc wizards
  Crazy Yiuf (D:3)
  2 iguanas
  2 worker ants
  A worker ant zombie (D:5)
  Robin (D:3)
  4 gnolls (D:4)
  9 adders
  A shadow imp (D:6)
  3 oozes
  An adder zombie (D:3)
  5 worms
  2 dart slugs
  A leopard gecko (D:2)
  20 orcs
  4 giant cockroaches
  10 goblins
  7 hobgoblins
  2 jackals (D:2)
  6 quokkas
  A ball python (D:2)
  8 bats
  8 frilled lizards
  6 kobolds
  A leopard gecko zombie (D:5)
  7 rats
147 creatures vanquished.

Notes
Turn   | Place    | Note
-------+----------+-------------------------------------------
     0 | D:1      | Anathary the Octopode Assassin began the quest for the Orb.
     0 | D:1      | Reached XP level 1. HP: 14/14 MP: 1/1
   310 | D:1      | Reached skill level 6 in Stealth
   310 | D:1      | Reached XP level 2. HP: 19/19 MP: 2/2
   958 | D:2      | Reached XP level 3. HP: 24/24 MP: 3/3
   998 | D:2      | Reached skill level 7 in Stealth
  1172 | D:2      | Found a shadowy altar of Dithmenos.
  1183 | D:2      | Reached XP level 4. HP: 19/29 MP: 4/4
  1198 | D:2      | Became a worshipper of Dithmenos the Shadowed
  1934 | D:2      | Reached skill level 8 in Stealth
  2232 | D:3      | Noticed Robin
  2233 | D:3      | Reached * piety under Dithmenos
  2241 | D:3      | Killed Robin
  2277 | D:3      | Reached XP level 5. HP: 14/34 MP: 5/5
  2452 | D:3      | Noticed Grinder
  2490 | D:3      | Killed Grinder
  2490 | D:3      | Reached skill level 10 in Stealth
  2490 | D:3      | Reached XP level 6. HP: 27/39 MP: 6/6
  2934 | D:3      | Found a runed door.
  3226 | D:3      | Noticed Crazy Yiuf
  3233 | D:3      | Killed Crazy Yiuf
  3395 | D:4      | Found Lacalis's Book Shoppe.
  3402 | D:4      | Reached skill level 11 in Stealth
  3420 | D:4      | Reached ** piety under Dithmenos
  3604 | D:4      | Reached XP level 7. HP: 45/45 MP: 7/7
  3938 | D:4      | Reached skill level 12 in Stealth
  4342 | D:5      | Entered Level 5 of the Dungeon
  4759 | D:5      | Reached *** piety under Dithmenos
  5229 | D:5      | Found a bloodstained altar of Trog.
  5276 | D:6      | Reached XP level 8. HP: 39/51 MP: 8/8
  5592 | D:6      | Noticed Pikel
  5593 | D:6      | Reached skill level 5 in Short Blades
  6906 | D:6      | Killed Pikel
  6906 | D:6      | Reached XP level 9. HP: 48/59 MP: 9/9
  6984 | D:6      | Found a glowing golden altar of the Shining One.
  7213 | D:7      | Found a staircase to the Ecumenical Temple.
  7583 | D:7      | Found an iron altar of Okawaru.
  7619 | D:7      | Reached skill level 5 in Fighting
  7788 | D:7      | Found a burning altar of Makhleb.
  7788 | D:7      | Noticed a balrug
  7792 | D:7      | Found a glowing silver altar of Zin.
  7792 | D:7      | Noticed an angel
  7909 | D:7      | Slain by an orc warrior

Vault maps used:
D:1:      lemuel_arrival_tunnels, minivault_11
D:2:      first_ration, grunt_dithmenos_smoke
D:3:      uniq_crazy_yiuf_cottage, uniq_robin, uniq_grinder
D:4:      serial_shops, shop, kennysheep_generic_room_13
D:5:      kennysheep_mini, minmay_misc_feat_chi
D:6:      nicolae_tso_swordbearing_angel, uniq_pikel
D:7:      grunt_temple_overflow_order_and_chaos_2, kennysheep_mini_moat,
          temple_statues

Skill      XL: |  1  2  3  4  5  6  7  8  9 |
---------------+----------------------------+-----
Stealth        | 6 7 8 10 11 12 | 12.0
Short Blades   | 4 7 8 |  8.4
Fighting       | 4 5 |  5.6
Throwing       | |  2.0
Dodging        | |  1.0

Action                   |  1- 3 |  4- 6 |  7- 9 || total
-------------------------+-------+-------+-------++-------
Melee: Dagger            |    43 |   102 |   163 ||   308
       Constrict         |    11 |    23 |    42 ||    76
       Tentacles         |     5 |    16 |    46 ||    67
       Short sword       |       |       |    36 ||    36
  Use: Scroll            |       |       |    13 ||    13
 Stab: Sleeping          |    14 |    20 |    16 ||    50
       Distracted        |       |     1 |       ||     1
  Eat: Ration            |     1 |     1 |     2 ||     4
       Chunk             |       |     3 |     5 ||     8
Armor: Skin              |     5 |     3 |     6 ||    14
Dodge: Dodged            |    23 |    58 |    96 ||   177

Table legend:
 A = Spawn XP
 B = Non-spawn XP
 C = Spawn XP percentage of total XP
 D = Spawn monster count
 E = Non-spawn monster count
 F = Spawn count percentage of total count
 G = Total turns spent on level
                    A         B        C        D         E        F      G
               +---------+---------+-------+---------+---------+-------+---------
         Total |       0 |    3468 |   0.0 |       0 |     143 |   0.0 |  7909
               +---------+---------+-------+---------+---------+-------+---------
           D:1 |       0 |      31 |   0.0 |       0 |      20 |   0.0 |   955
           D:2 |       0 |      92 |   0.0 |       0 |      23 |   0.0 |  1223
           D:3 |       0 |     419 |   0.0 |       0 |      29 |   0.0 |  1209
           D:4 |       0 |     326 |   0.0 |       0 |      25 |   0.0 |   955
           D:5 |       0 |     256 |   0.0 |       0 |      13 |   0.0 |  1333
           D:6 |       0 |    1418 |   0.0 |       0 |      13 |   0.0 |  1534
           D:7 |       0 |     926 |   0.0 |       0 |      20 |   0.0 |   700
               +---------+---------+-------+---------+---------+-------+---------
